 Dungeon Crawl Stone Soup version 0.30.0 (webtiles) character file.

Game seed: 7680467560519849081

31399 Jase the Stormcaller (level 13, -2/105 HPs)
             Began as a Black Draconian Air Elementalist on May 5, 2023.
             Was an Initiate of Gozag.
             Slain by a blink frog (15 damage)
             ... on level 3 of the Lair of Beasts on May 6, 2023.
             The game lasted 01:20:56 (21167 turns).

Jase the Stormcaller (DrAE)                        Turns: 21167, Time: 01:20:57

Health: -2/105     AC: 11    Str: 16    XL:     13   Next: 25%
Magic:  4/38       EV: 15    Int: 20    God:    Gozag
Gold:   2743       SH:  0    Dex: 13    Spells: 26/36 levels left

rFire   + . .        a - staff of air
rCold   + . .        (no shield)
rNeg    . . .        (body armour unavailable)
rPois   +            F - +1 hat
rElec   +            H - +0 cloak
rCorr   +            g - +0 pair of gloves
SInv    .            (no boots)
Will    .....        (no amulet)
Stlth   ++           j - ring of magical power
HPRegen 0.37/turn    G - +6 ring of strength
MPRegen 0.26/turn

%: no passive effects
@: mighty, short of breath, resistant (expiring), gold aura
A: breathe lightning, AC +8, unfitting armour, electricity resistance,
cold-blooded
a: Breathe Lightning, Renounce Religion, Potion Petition, Call Merchant, Bribe
Branch


You were on level 3 of the Lair of Beasts.
You worshipped Gozag.
Gozag was most pleased with you.
You visited 2 branches of the dungeon, and saw 13 of its levels.
You also visited: Bailey.

You collected 3866 gold pieces.
You paid 1123 gold pieces to Gozag.

Inventory:

Hand Weapons
 b - a +4 scimitar of flaming
 c - a +2 dagger of venom
 d - a +0 short sword of draining
Missiles
 s - a throwing net
Armour
 e - a +0 pair of boots
 g - a +0 pair of gloves (worn)
 F - a +1 hat (worn)
 H - a +0 cloak (worn)
Magical Staves
 a - a staff of air (weapon)
Jewellery
 j - a ring of magical power (left hand)
 r - a ring of ice
 u - a ring of ice
 G - a +6 ring of strength (right hand)
Wands
 v - a wand of polymorph (5)
 z - a wand of iceblast (11)
 J - a wand of paralysis (9)
Scrolls
 i - 5 scrolls of magic mapping
 k - a scroll of torment
 m - 3 scrolls of brand weapon
 o - a scroll of fear
 t - 3 scrolls of enchant armour
 y - 3 scrolls of enchant weapon
 C - 4 scrolls of vulnerability
 D - a scroll of summoning
 E - 9 scrolls of teleportation {unknown}
Potions
 h - 5 potions of haste
 l - 7 potions of curing
 n - 2 potions of ambrosia
 p - 2 potions of cancellation
 q - a potion of lignification
 w - a potion of invisibility
 x - 2 potions of magic
 A - a potion of brilliance
 B - a potion of resistance


   Skills:
 - Level 7.0 Fighting
 - Level 8.0 Dodging
 - Level 1.7 Stealth
 + Level 12.4 Spellcasting
 - Level 7.0 Conjurations
 + Level 16.5 Air Magic
 + Level 0.0 Evocations


You had 26 spell levels left.
You knew the following spells:

 Your Spells              Type           Power      Damage    Failure   Level
a - Shock                 Conj/Air       100%       1d9       1%          1
b - Static Discharge      Conj/Air       100%       2-7/arc   1%          2
c - Airstrike             Air            43%        2d(7-23)  1%          4
d - Swiftness             Air            87%        N/A       1%          3

Your spell library contained the following spells:

 Spells                   Type           Power      Damage    Failure   Level
 Stone Arrow              Conj/Erth      52%        3d10      3%          3
 Sandblast                Erth           24%        2d8       5%          1
 Slow                     Hex            48%        N/A       5%          1
 Summon Small Mammal      Summ           48%        N/A       5%          1
 Ensorcelled Hibernation  Hex/Ice        24%        N/A       9%          2
 Passwall                 Tmut/Erth      10%        N/A       9%          2
 Scorch                   Fire           24%        2d6       9%          2
 Flame Wave               Conj/Fire      26%        2d8       13%         4
 Fulminant Prism          Conj/Hex       13%        3d8       13%         4
 Iskenderun's Mystic Bla  Conj/Tloc      26%        2d7       13%         4
 Call Canine Familiar     Summ           12%        N/A       16%         3
 Confusing Touch          Hex            12%        N/A       16%         3
 Frozen Ramparts          Ice            24%        1d4       16%         3
 Ozocubu's Armour         Ice            12%        N/A       16%         3
 Summon Guardian Golem    Hex/Summ       12%        N/A       16%         3
 Vampiric Draining        Necr           12%        2d6       16%         3
 Volatile Blastmotes      Fire/Tloc      24%        2d12      16%         3
 Anguish                  Hex/Necr       6%         N/A       47%         4
 Dispel Undead            Necr           12%        3d9       47%         4
 Ice Form                 Ice/Tmut       12%        N/A       47%         4
 Summon Ice Beast         Ice/Summ       12%        N/A       47%         4
 Lee's Rapid Deconstruct  Erth           6%         3d6*      83%         5
 Metabolic Englaciation   Hex/Ice        6%         N/A       83%         5
 Death Channel            Necr           6%         N/A       100%        6
 Summon Cactus Giant      Summ           6%         N/A       100%        6
 Simulacrum               Ice/Necr       Unusable   N/A       N/A         6

Dungeon Overview and Level Annotations

Branches:
Dungeon (10/15)            Temple (0/1) D:4            Lair (3/5) D:10
    Orc (0/2) D:9          Bailey (visited)
  Swamp: Lair:2-3    Shoals: Lair:2-3     Snake: Lair:2-3    Spider: Lair:2-3

Altars:
Cheibriados
Dithmenos
Gozag
Trog
Uskayaw
Vehumet
Xom
Yredelemnul
Zin

Annotations:
D:7 1 exclusion
Lair:1 1 runed translucent door, Kaece's ghost, novice TeFE
Lair:3 3 exclusions


Innate Abilities, Weirdness & Mutations

You can breathe wild blasts of lightning.
Your glossy black scales are hard. (AC +8)
You cannot fit into any form of body armour.
You are resistant to electric shocks. (rElec)
You are cold-blooded and may be slowed by cold attacks.


Message History

Unknown command.
You hit the hornet but do no damage.
The hornet is almost dead.
The hornet barely misses you.
The hornet stings you but does no damage.
The blink frog blinks!
You barely miss the hornet.
The hornet is almost dead.
The hornet stings you.
* * * LOW HITPOINT WARNING * * *
You feel yourself slow down.
The hornet stings you but does no damage.
You barely miss the hornet.
The hornet is almost dead.
A nearby plant withers and dies.
The hornet stings you but does no damage.
The hornet closely misses you.
You hit the hornet!
The hornet is electrocuted.
You kill the hornet!
The blink frog barely misses you. The blink frog hits you.
* * * LOW HITPOINT WARNING * * *
The blink frog blinks!
Unknown command.
You feel yourself speed up.
The blink frog blinks!
Okay, then.
Unknown command.
There is a stone staircase leading up, spattered with blood here.
You start to feel less resistant.
You hit the blink frog!
Your tail-slap misses the blink frog.
The blink frog is moderately wounded.
The blink frog misses you. The blink frog barely misses you.
You miss the blink frog.
The blink frog is moderately wounded.
The blink frog closely misses you. x2
You closely miss the blink frog.
The blink frog is moderately wounded.
The blink frog hits you!
You die...
Your body crumbles into a pile of gold.

...............####
..................#
.#....=...##.#......
$
..#.....(...........
.......$..P.......P#
...#P..$...........#
..$....$.....#.....#
##.......F.#.#.....
#.......@.........
....#...###.##....#.
... ##### ### #####
. $


You could see a blink frog.

Vanquished Creatures
  4 hydras
  Erica (D:9)
  2 centaur warriors (D:10)
  A boulder beetle (D:10)
  3 two-headed ogres (D:10)
  3 death yaks
  An orc high priest (Bailey)
  A skyshark (Lair:2)
  Amaemon (Lair:2)
  A flayed ghost (D:10)
  2 orc knights
  A cyclops (D:10)
  An orc sorcerer (Bailey)
  A black mamba (Lair:1)
  An orange demon (Lair:2)
  3 kobold demonologists
  2 rime drakes
  5 komodo dragons
  An efreet (D:10)
  A tengu conjurer (D:10)
  2 trolls (D:10)
  2 polar bears (Lair:2)
  3 hornets
  3 blink frogs (Lair:3)
  A slime creature (D:10)
  2 wraiths
  2 wyverns (D:10)
  25 yaks
  2 shadows
  A spriggan (Lair:2)
  4 basilisks
  2 steam dragons
  3 acid dragons (D:10)
  10 water moccasins
  15 orc warriors
  A black bear (Lair:2)
  2 ice beasts
  An ogre (D:6)
  9 wolves
  7 centaurs
  2 phantoms (D:5)
  3 kobold brigands
  6 bullfrogs
  A gnoll sergeant (D:10)
  3 scorpions
  10 wights
  14 killer bees
  A howler monkey (D:10)
  3 electric eels (Bailey)
  7 hounds
  2 jellies
  9 orc priests
  3 gnoll boudas
  2 iguanas
  6 orc wizards
  4 hell rats (D:10)
  13 gnolls
  11 adders
  3 shadow imps
  3 white imps
  2 worms (D:3)
  3 dart slugs
  42 orcs
  3 endoplasms (D:2)
  A giant cockroach (D:1)
  9 goblins
  8 hobgoblins
  4 jackals
  6 quokkas
  7 ball pythons
  A bat (D:2)
  A frilled lizard (D:2)
  13 kobolds
  4 rats
  A butterfly (Lair:1)
344 creatures vanquished.

Vanquished Creatures (others)
  5 dream sheep (D:6)
  A yak (D:10)
  A vampire (D:10)
  10 fungi
  12 plants
29 creatures vanquished.

Grand Total: 373 creatures vanquished

Notes
Turn   | Place    | Note
-------+----------+-------------------------------------------
     0 | D:1      | Jase the Draconian Air Elementalist began the quest for the
                  | Orb.
     0 | D:1      | Reached XP level 1. HP: 14/14 MP: 3/3
   416 | D:1      | Found a faded altar of an unknown god.
   424 | D:1      | Prayed at the altar of an unknown god.
   424 | D:1      | Became a worshipper of Gozag Ym Sagoz the Greedy
   540 | D:1      | You fall into a shaft and drop 1 floor!
   555 | D:2      | Reached XP level 2. HP: 20/20 MP: 1/5
  1203 | D:2      | Reached XP level 3. HP: 20/26 MP: 0/6
  1887 | D:3      | Found a basalt altar of Yredelemnul.
  1894 | D:3      | Reached XP level 4. HP: 33/33 MP: 7/7
  1897 | D:3      | Learned a level 2 spell: Static Discharge
  1928 | D:3      | Reached skill level 4 in Air Magic
  2224 | D:3      | Found a bloodstained altar of Trog.
  2795 | D:3      | Reached XP level 5. HP: 34/38 MP: 9/9
  2846 | D:3      | Found a hide-covered altar of Uskayaw.
  3139 | D:4      | Found a shadowy altar of Dithmenos.
  3140 | D:4      | Found a snail-covered altar of Cheibriados.
  3379 | D:4      | Found a staircase to the Ecumenical Temple.
  4143 | D:5      | Entered Level 5 of the Dungeon
  4175 | D:5      | Reached XP level 6. HP: 10/45 MP: 4/11
  4554 | D:5      | Reached skill level 5 in Air Magic
  4972 | D:5      | Your scales start taking on a glossy black colour.
  4972 | D:5      | Reached skill level 6 in Air Magic
  4972 | D:5      | Reached XP level 7. HP: 27/50 MP: 13/13
  4972 | D:5      | Gained mutation: You are resistant to electric shocks.
                  | (rElec) [Black Draconian growth]
  5411 | D:5      | Learned a level 3 spell: Swiftness
  5612 | D:6      | Reached skill level 5 in Conjurations
  5612 | D:6      | Reached skill level 7 in Air Magic
  5680 | D:6      | Reached skill level 5 in Spellcasting
  5702 | D:6      | Reached XP level 8. HP: 57/57 MP: 15/15
  5823 | D:6      | Found a radiant altar of Vehumet.
  5931 | D:6      | Reached skill level 8 in Air Magic
  6676 | D:6      | Noticed a dream sheep
  6676 | D:6      | Noticed a dream sheep
  6676 | D:6      | Noticed a dream sheep
  6676 | D:6      | Noticed a dream sheep
  6676 | D:6      | Noticed a dream sheep
  6676 | D:6      | Found a shimmering altar of Xom.
  6678 | D:6      | Killed a dream sheep
  6678 | D:6      | Killed a dream sheep
  6678 | D:6      | Killed a dream sheep
  6681 | D:6      | Killed a dream sheep
  6681 | D:6      | Killed a dream sheep
  6872 | D:7      | Learned a level 4 spell: Airstrike
  6942 | D:7      | Found a flagged portal.
  7017 | Bailey   | Entered a bailey
  7137 | Bailey   | Reached skill level 9 in Air Magic
  7137 | Bailey   | Reached XP level 9. HP: 62/62 MP: 16/18
  7446 | Bailey   | Noticed an orc knight
  7511 | Bailey   | Killed an orc knight
  7512 | Bailey   | Reached skill level 1 in Fighting
  7654 | Bailey   | Reached skill level 10 in Air Magic
  7731 | Bailey   | Noticed an orc high priest
  7748 | Bailey   | Noticed a sixfirhy
  7748 | Bailey   | Killed an orc high priest
  8018 | Bailey   | Identified the +7 long sword "Ceg Ebich" {drain, Will+ MP-9
                  | Int+2}
  8024 | Bailey   | Reached skill level 11 in Air Magic
  8092 | Bailey   | Identified the +1 leather armour of the Vacuum {Will+
                  | Str+2}
  8092 | Bailey   | Noticed an orc sorcerer
  8094 | Bailey   | Noticed an ice devil
  8120 | Bailey   | Killed an orc sorcerer
  8121 | Bailey   | Reached XP level 10. HP: 79/79 MP: 17/21
  8337 | Bailey   | Found an iron altar of Okawaru.
  8379 | Bailey   | Acquired a staff of air
  9041 | D:7      | Found a glowing silver altar of Zin.
  9540 | D:8      | Reached skill level 5 in Fighting
 10079 | D:8      | Identified the +10 glaive of Famine {speed, rElec Str-4
                  | Int+2}
 10757 | D:9      | Noticed Erica
 10770 | D:9      | Killed Erica
 11154 | D:9      | Reached skill level 12 in Air Magic
 12093 | D:9      | Found a staircase to the Orcish Mines.
 12296 | D:10     | Entered Level 10 of the Dungeon
 12336 | D:10     | Noticed a two-headed ogre
 12360 | D:10     | Killed a two-headed ogre
 12361 | D:10     | Reached XP level 11. HP: 83/89 MP: 16/24
 12486 | D:10     | Noticed a death yak
 12489 | D:10     | Noticed a death yak
 12491 | D:10     | Noticed a death yak
 12497 | D:10     | Killed a death yak
 12736 | D:10     | Found a staircase to the Lair.
 13257 | D:10     | Reached skill level 5 in Dodging
 13339 | D:10     | Reached skill level 13 in Air Magic
 13402 | D:10     | Noticed an orc knight
 13402 | D:10     | Noticed an eight-headed hydra
 13402 | D:10     | Noticed a two-headed ogre
 13403 | D:10     | Noticed a centaur warrior
 13518 | D:10     | Killed a centaur warrior
 13594 | D:10     | Killed an orc knight
 14658 | D:10     | Reached skill level 10 in Spellcasting
 14887 | D:10     | Noticed a centaur warrior
 14906 | D:10     | Killed a centaur warrior
 15091 | D:10     | Reached skill level 14 in Air Magic
 15240 | D:9      | Killed a death yak
 15366 | D:10     | Noticed a boulder beetle
 15382 | D:10     | Killed a boulder beetle
 15383 | D:10     | Reached XP level 12. HP: 63/96 MP: 15/26
 15578 | D:10     | Killed a two-headed ogre
 16189 | D:10     | Noticed a two-headed ogre
 16208 | D:9      | Killed a death yak
 16324 | D:10     | Killed a two-headed ogre
 16945 | D:10     | Noticed a stone giant
 17452 | D:10     | Got the Spellbook of Crystallized Unholy Rituals
 17512 | D:10     | Killed an eight-headed hydra
 17626 | Lair:1   | Entered Level 1 of the Lair of Beasts
 17838 | Lair:1   | Reached skill level 15 in Air Magic
 18190 | Lair:1   | Found a runed translucent door.
 19141 | Lair:1   | Noticed Kaece's ghost (novice TeFE)
 19531 | Lair:2   | Noticed an eight-headed hydra
 19555 | Lair:2   | Killed an eight-headed hydra
 19815 | Lair:2   | Noticed Amaemon
 19820 | Lair:2   | Killed Amaemon
 20469 | Lair:2   | Reached skill level 16 in Air Magic
 20469 | Lair:2   | Reached XP level 13. HP: 52/105 MP: 9/28
 21103 | Lair:3   | HP: 5/105 [/static electricity (2)]
 21167 | Lair:3   | Slain by a blink frog

Illustrated notes

Levels and vault maps discovered:
D:1:      dpeg_arrival_houses_and_road, layout_loops_ring,
          dreamdust_ecumenical_altar_grove, chequers_serial_rivers_micro_e,
          minmay_pentomino_u4
D:2:      layout_basic, serial_glass, glass_columns_a, glass_columns_a
D:3:      layout_loops_ring, mainiacjoe_overflow_six_doors_small, trog_book,
          mainiacjoe_overflow_small_starburst, minmay_misc_feat_square
D:4:      layout_loops_ring, nicolae_overflow_squiral,
          minmay_temple_entry_antechambers, minmay_misc_feat_more_columns,
          minivault_23, nicolae_concentric_dashed_squares_mild
D:5:      layout_loops_corners
D:6:      cheibrodos_iron_armory, layout_loops_cross, vehumet_crystals,
          kb_xom_exploding_sheep, kennysheep_donut
D:7:      layout_loops_corners, kennysheep_mini_moat, enter_bailey_8
D:8:      layout_loops_corners, item_on_display_a
D:9:      layout_cave_pools, david_orc_4, minmay_misc_feat_pillars, uniq_erica
D:10:     nzn_winding_woodlands_large [nzn_winding_woodlands_5x5_perimeter,
          nzn_winding_woodlands_5x15_longhouse,
          nzn_winding_woodlands_5x5_default,
          nzn_winding_woodlands_center_diamonds,
          nzn_winding_woodlands_15x15_killbox,
          nzn_winding_woodlands_center_pierced_h,
          nzn_winding_woodlands_5x5_default, nzn_winding_woodlands_5x15_parted,
          nzn_winding_woodlands_5x5_cross], layout_loops_ring,
          dpeg_lair_monsters
Lair:1:   layout_cave_pods, ebering_ghost_reflecting_pool, lemuel_fruit_fields,
          infiniplex_staircase_pool_2
Lair:2:   layout_chaotic_city, st_stairs_4, grunt_forest_stairs_clearing,
          uniq_amaemon
Lair:3:   layout_misc_corridors, nicolae_shoals_entry_roost,
          spider_nest_entry_web_field, enter_volcano_4, dreamdust_wasp_nest,
          serial_bayou_shore_b

Skill      XL: |  1  2  3  4  5  6  7  8  9 10 11 12 13 |
---------------+----------------------------------------+-----
Conjurations   | 2 3 4 5 6 7 |  7.0
Air Magic      | 4 6 7 9 11 12 14 16 | 16.5
Spellcasting   | 3 4 5 6 7 9 10 11 12 | 12.4
Fighting       | 4 6 7 |  7.0
Dodging        | 4 6 8 |  8.0
Stealth        | |  1.7

Action                     |  1- 3 |  4- 6 |  7- 9 | 10-12 | 13-15 || total
---------------------------+-------+-------+-------+-------+-------++-------
  Melee: Short sword       |    33 |    21 |     6 |       |       ||    60
         Tailslap          |     2 |     2 |       |     8 |     2 ||    14
         Staff             |       |       |       |    33 |    25 ||    58
         Punch             |       |       |       |       |     2 ||     2
   Cast: Shock             |    74 |   103 |   115 |   245 |       ||   537
         Static Discharge  |       |    21 |    27 |   192 |    17 ||   257
         Airstrike         |       |       |    30 |   163 |    12 ||   205
         Swiftness         |       |       |     2 |     9 |     1 ||    12
 Invoke: Potion Petition   |       |       |       |       |     3 ||     3
Ability: Breathe Lightning |       |       |    10 |     6 |     3 ||    19
    Use: Scroll            |       |       |    12 |     8 |     1 ||    21
         Potion            |       |       |       |     3 |     1 ||     4
   Stab: Sleeping          |       |       |     3 |     1 |       ||     4
         Distracted        |       |       |       |     1 |       ||     1
 Armour: Skin              |    14 |    12 |     7 |    80 |    17 ||   130
  Dodge: Dodged            |    14 |    28 |    16 |   140 |    62 ||   260
